AoeStats
← damiansima

Arena

510431371Analyzed
4v4 RM · 1d ago on Oct 1, 2026· 65m 21s· 8 players
Game mode
Random Map
Map size
Large (8 player)
Population
200
Speed
Normal
Resources
Standard
Victory
Conquest
Starting age
Dark Age
Ending age
Imperial Age
RankedLock teamsTeams togetherTeam positionsShared explorationLock speedFull tech treeHidden civsTurbo modeCheats
Victory
Defeat
🇨🇱 Hindustanis · Chile
1367
+9
🇨🇱 Bohemians · Chile
1327
+10
🇨🇱 Mongols · Chile
1319
+11
🇦🇷 Danes · Argentina
1221
+15
🇦🇷 Wu · Argentina
1233
-12
🇨🇱 Celts · Chile
1210
-12
🇪🇸 Poles · Spain
1183
-11
🇦🇷 Malay · Argentina
1174
-10
[MCS]Urlock
10:11 Feudal Age
15:06 Castle Age
14:50 Double-Bit Axe
18:47 Horse Collar
19:30 Heavy Plow
22:29 Szlachta Privileges
22:13 Loom
24:12 Bloodlines
24:11 Scale Barding Armor
29:55 Forging
30:06 Chain Barding Armor
33:07 Gold Mining
36:08 Imperial Age
34:44 Fletching
34:54 Padded Archer Armor
35:30 Iron Casting
35:53 Wheelbarrow
35:29 Crossbowman
37:14 Arbalester
39:09 Bodkin Arrow
43:13 Ballistics
42:59 Bracer
44:01 Blast Furnace
43:19 Leather Archer Armor
44:05 Blast Furnace
43:43 Light Cavalry
46:08 Winged Hussar
52:32 Husbandry
53:40 Crop Rotation
56:10 Caravan
56:52 Lechitic Legacy
Shisui
10:10 Feudal Age
10:45 Feudal Age
12:33 Double-Bit Axe
15:04 Castle Age
12:49 Horse Collar
16:14 Man-at-Arms
17:33 Scale Mail Armor
17:13 Long Swordsman
18:31 Arson
24:55 Bow Saw
27:06 Loom
27:44 Chain Mail Armor
29:28 Forging
29:56 Gambesons
30:14 Town Watch
31:01 Heavy Plow
31:47 Wheelbarrow
31:26 Pikeman
32:23 Gold Mining
34:23 Iron Casting
38:10 Imperial Age
35:56 Hand Cart
36:56 Stone Mining
37:29 Fletching
37:34 Stronghold
38:21 Bodkin Arrow
38:17 Halberdier
39:21 Conscription
39:48 Plate Mail Armor
40:19 Blast Furnace
40:02 Guilds
40:57 Elite Woad Raider
45:22 Hoardings
46:47 Ballistics
48:56 Chemistry
49:09 Two-Handed Swordsman
56:13 Furor Celtica
55:33 Capped Ram
56:37 Siege Ram
56:46 Champion
61:02 Onager
61:06 Heavy Scorpion
62:08 Siege Engineers
damiansima
11:23 Feudal Age
16:00 Castle Age
14:21 Double-Bit Axe
14:17 Horse Collar
14:43 Gold Mining
17:40 Bow Saw
17:51 Loom
19:28 Fletching
24:19 Bodkin Arrow
33:12 Imperial Age
32:30 Padded Archer Armor
32:40 Town Watch
33:29 Leather Archer Armor
33:53 Red Cliffs Tactics
34:40 Ballistics
35:14 Conscription
35:07 Elite Fire Archer
39:51 Squires
39:36 Arson
39:53 Scale Mail Armor
40:03 Forging
40:22 Bracer
41:01 Chain Mail Armor
42:18 Iron Casting
45:19 Elite Skirmisher
48:40 Plate Mail Armor
49:11 Blast Furnace
50:06 Chemistry
48:47 Treadmill Crane
53:59 Masonry
56:02 Husbandry
56:13 Bloodlines
55:23 Light Cavalry
56:10 Scale Barding Armor
56:05 Hussar
Eros
13:57 Feudal Age
13:27 Horse Collar
18:25 Castle Age
21:30 Scale Barding Armor
22:56 Forging
24:14 Iron Casting
24:45 Husbandry
27:34 Devotion
34:44 Loom
35:35 Wheelbarrow
36:10 Light Cavalry
40:22 Heavy Plow
41:36 Hand Cart
44:25 Fletching
44:28 Gold Mining
44:30 Stone Mining
44:26 Double-Bit Axe
47:04 Squires
50:03 Imperial Age
48:28 Treadmill Crane
49:56 Conscription
49:27 Man-at-Arms
51:12 Blast Furnace
50:18 Elite Karambit Warrior
50:44 Long Swordsman
51:44 Two-Handed Swordsman
53:26 Forced Levy
54:31 Masonry
54:24 Bodkin Arrow
54:36 Arson
54:57 Pikeman
56:11 Padded Archer Armor
56:28 Bow Saw
56:53 Crop Rotation
58:41 Elite Skirmisher
61:07 Ballistics
61:47 Chemistry
62:46 Leather Archer Armor
64:29 Murder Holes
65:13 Bracer
Loco Saiti
9:34 Feudal Age
13:17 Castle Age
11:47 Double-Bit Axe
11:59 Horse Collar
12:34 Loom
21:56 Wheelbarrow
22:21 Heavy Plow
22:50 Town Watch
29:00 Hand Cart
30:16 Fletching
31:12 Bodkin Arrow
34:08 Nomads
35:33 Bow Saw
36:24 Masonry
38:51 Imperial Age
36:57 Padded Archer Armor
37:28 Husbandry
38:42 Ballistics
39:11 Caravan
40:38 Chemistry
40:28 Bracer
40:44 Leather Archer Armor
41:07 Thumb Ring
41:27 Conscription
40:31 Elite Skirmisher
41:48 Elite Mangudai
43:07 Parthian Tactics
43:28 Scale Barding Armor
43:34 Forging
43:57 Murder Holes
44:58 Chain Barding Armor
45:36 Iron Casting
46:27 Bloodlines
45:38 Light Cavalry
47:30 Capped Ram
47:36 Onager
48:31 Hussar
50:15 Blast Furnace
49:56 Siege Onager
51:23 Drill
51:35 Capped Ram
55:58 Siege Engineers
60:59 Fortified Wall
63:07 Hoardings
Valhalin
11:50 Feudal Age
15:24 Castle Age
13:25 Double-Bit Axe
13:24 Horse Collar
13:59 Stone Mining
16:15 Loom
16:51 Bow Saw
17:28 Scale Mail Armor
40:09 Wheelbarrow
42:17 Chain Mail Armor
42:24 Heavy Plow
43:06 Forging
43:22 Squires
50:22 Imperial Age
47:39 Town Watch
49:21 Iron Casting
48:10 Pikeman
50:25 Gambesons
50:39 Elite Varangian Guard
52:11 Plate Mail Armor
52:41 Blast Furnace
53:32 Blast Furnace
52:39 Heavy Scorpion
55:23 Hand Cart
54:48 Capped Ram
58:38 Murder Holes
59:52 Caravan
65:23 Chemistry
RaZeeeeK
10:15 Feudal Age
14:25 Castle Age
12:31 Horse Collar
13:20 Double-Bit Axe
16:05 Bow Saw
22:11 Fervor
22:45 Scale Barding Armor
25:06 Bloodlines
25:53 Chain Barding Armor
29:32 Wheelbarrow
29:18 Forging
29:30 Heavy Plow
31:16 Wheelbarrow
31:10 Husbandry
30:57 Loom
32:55 Gold Mining
35:06 Iron Casting
35:15 Hand Cart
37:01 Caravan
38:05 Gold Shaft Mining
37:21 Stone Mining
37:35 Town Watch
40:21 Imperial Age
38:38 Sanctity
38:28 Town Patrol
38:40 Grand Trunk Road
38:46 Fletching
38:57 Padded Archer Armor
39:09 Masonry
39:05 Fletching
40:12 Leather Archer Armor
40:04 Bodkin Arrow
42:05 Chemistry
41:35 Conscription
42:01 Ring Archer Armor
42:07 Plate Barding Armor
40:53 Heavy Camel Rider
42:16 Bracer
42:55 Shatagni
44:34 Blast Furnace
46:16 Two-Man Saw
46:52 Siege Engineers
47:50 Stone Shaft Mining
48:16 Thumb Ring
48:20 Light Cavalry
54:06 Coinage
54:06 Conscription
54:06 Hussar
Pipeño
10:49 Feudal Age
14:40 Castle Age
13:48 Double-Bit Axe
14:01 Horse Collar
15:44 Bow Saw
16:33 Loom
27:52 Imperial Age
27:02 Fletching
28:15 Chemistry
26:51 Pikeman
27:54 Halberdier
29:14 Scale Mail Armor
29:53 Squires
30:10 Chain Mail Armor
31:28 Plate Mail Armor
40:28 Forging
41:51 Houfnice
43:45 Wheelbarrow
44:20 Two-Man Saw
43:09 Town Watch
47:11 Siege Engineers
49:23 Iron Casting
53:29 Padded Archer Armor
53:54 Ballistics
54:09 Caravan
53:56 Elite Skirmisher
55:04 Leather Archer Armor
55:42 Bodkin Arrow
56:52 Bracer
59:10 Ring Archer Armor
Connection lost

Rejoining the realm…

Still unreachable

The connection could not be restored.

Session expired

The server has moved on; the page needs a fresh start.